 Dungeon Crawl Stone Soup version 0.24-a0-487-g57318f2 (webtiles) character file.

Game seed: 13571522960269186302

4 ssg the Charmwright (level 1, 0/17 HPs)
             Began as a Barachi Skald on July 10, 2019.
             Slain by an ooze (1 damage)
             ... on level 1 of the Dungeon.
             The game lasted 00:00:22 (42 turns).

ssg the Charmwright (Barachi Skald)                   Turns: 42, Time: 00:00:22

Health: 0/17       AC:  3    Str: 12    XL:     1   Next: 60%
Magic:  0/3        EV: 12    Int: 13    God:
Gold:   0          SH:  0    Dex: 11    Spells: 3/4 levels left

rFire    . . .     SeeInvis .   a - +0 falchion
rCold    . . .     Gourm    .   (no shield)
rNeg     . . .     Faith    .   b - +0 leather armour
rPois    .         Spirit   .   (no helmet)
rElec    .         Reflect  .   (no cloak)
rCorr    .         Harm     .   (no gloves)
MR       .....                  (no boots)
Stlth    +.........             (no amulet)
HPRegen  0.05/turn              (no ring)
MPRegen  0.08/turn              (no ring)

@: infused, can't hop, slow
A: +LOS, swims, slowness 1, strong legs 1
a: Hop


You were on level 1 of the Dungeon.
You were not hungry.

You visited 1 branch of the dungeon, and saw 1 of its levels.

Inventory:

Hand Weapons
 a - a +0 falchion (weapon)
Armour
 b - a +0 leather armour (worn)
Comestibles
 d - a ration


   Skills:
 + Level 2.5 Fighting
 + Level 2.5 Long Blades
 + Level 1.4 Armour
 - Level 2.1 Dodging
 - Level 2.1 Spellcasting
 + Level 3.3 Charms


You had 3 spell levels left.
You knew the following spells:

 Your Spells              Type           Power        Failure   Level  Hunger
a - Infusion              Chrm           ##..         8%          1    ##.....

Your spell library contained the following spells:

 Spells                   Type           Power        Failure   Level  Hunger
 Song of Slaying          Chrm           ##......     12%         2    ###....
 Shroud of Golubria       Chrm/Tloc      #.....       24%         2    ###....
 Regeneration             Chrm/Necr      #.........   43%         3    ####...
 Spectral Weapon          Hex/Chrm       #.......     43%         3    ####...


Dungeon Overview and Level Annotations

Branches:
Dungeon (1/15)

Altars:


Innate Abilities, Weirdness & Mutations

Shadows flee at your approach. (+LOS)
You can swim through water.
You cover ground slowly.
You can hop short distances.


Message History

You barely miss the jackal. The jackal bites you.
* * * LOW HITPOINT WARNING * * *
You hit the jackal.
You kill the jackal!
You closely miss the hobgoblin. The hobgoblin hits you with a +0 club.
* * * LOW HITPOINT WARNING * * *
You aren't carrying any potions.
You closely miss the hobgoblin. The hobgoblin closely misses you.
You riposte.
You barely miss the hobgoblin.
Casting: Infusion (safe; 9% risk of failure)
Confirm with . or Enter, or press ? or * to list all spells.
You begin infusing your attacks with magical energy.
The hobgoblin hits you but does no damage.
You hit the hobgoblin.
The hobgoblin is almost dead.
The hobgoblin closely misses you.
You hit the hobgoblin.
You kill the hobgoblin!
You barely miss the ooze. The ooze hits you.
You die...

# ##≈##≈## ##g....#
#.
##≈P≈≈P≈#####.....#
..
#≈P8PP8P≈#........#
#.##≈P..P.###..#....#
#.....<.....†.##....#
####≈♣..P.##..##....#
#≈♣8♣P8P≈##w##....#
##≈♣≈≈P≈###J####.##
##≈##≈## #@# .#
###### #.# .# #.# .#
#.# # ..# ... ...
.... ....


You could see an ooze and a dart slug.

Vanquished Creatures
  A bat (D:1)
  A hobgoblin (D:1)
  A jackal (D:1)
3 creatures vanquished.

Notes
Turn   | Place    | Note
-------+----------+-------------------------------------------
     0 | D:1      | ssg the Barachi Skald began the quest for the Orb.
     0 | D:1      | Reached XP level 1. HP: 17/17 MP: 3/3
    42 | D:1      | Slain by an ooze

Levels and vault maps discovered:
D:1:      ldierk_walled_garden_2, layout_rooms, minmay_misc_feat_rows,
          minmay_misc_feat_hallway, minmay_misc_feat_tiny, st_stairs_5,
          corexii_hall_statues_s

Action                   || total
-------------------------++-------
Melee: Falchion          ||    11
 Cast: Infusion          ||     1
 Abil: Hop               ||     1
Armor: Leather armour    ||     4
Dodge: Dodged            ||     7
       Rpst.: Falchion   ||     5

Table legend:
 A = Non-vault XP
 B = Vault XP
 C = Vault XP percentage of total XP
 D = Non-vault monster count
 E = Vault monster count
 F = Vault count percentage of total count
                 A         B        C        D         E       F
            +---------+---------+-------+---------+---------+-------
      Total |       6 |       0 |   0.0 |       3 |       0 |   0.0
            +---------+---------+-------+---------+---------+-------
        D:1 |       6 |       0 |   0.0 |       3 |       0 |   0.0
            +---------+---------+-------+---------+---------+-------
